 Dungeon Crawl Stone Soup version 0.24-a0-630-g0d56a851f4 (webtiles) character file.

Game seed: 11174107943252664761, levelgen mode: deterministic

305 DEFE the Ducker (level 6, -1/32 HPs)
             Began as a Spriggan Fighter on Sept 20, 2019.
             Slain by a killer bee zombie (8 damage)
             ... on level 4 of the Dungeon.
             The game lasted 00:06:19 (4917 turns).

DEFE the Ducker (Spriggan Fighter)                  Turns: 4917, Time: 00:06:19

Health: -1/32      AC:  3    Str: 14    XL:     6   Next: 16%
Magic:  7/7        EV: 17    Int:  9    God:
Gold:   164        SH:  5    Dex: 16    Spells: 5/5 levels left

rFire    . . .     SeeInvis +   a - +0 flail
rCold    + . .     Gourm    .   o - +0 buckler (curse)
rNeg     . . .     Faith    .   b - +0 robe
rPois    .         Spirit   .   (helmet restricted)
rElec    .         Reflect  .   y - +0 cloak
rCorr    .         Harm     .   (gloves unavailable)
MR       +....                  (boots unavailable)
Stlth    +.........             (no amulet)
HPRegen  0.10/turn              x - ring of protection from cold
MPRegen  0.10/turn              (no ring)

@: heavily drained, very quick
A: very small, unfitting armour, see invisible, herbivore, speed 3, slow
metabolism 2
a: no special abilities


You were on level 4 of the Dungeon.
You were not hungry.

You visited 1 branch of the dungeon, and saw 4 of its levels.

You collected 164 gold pieces.

Inventory:

Hand Weapons
 a - a +0 flail (weapon)
 j - a +1 dagger of freezing
Missiles
 l - 3 curare-tipped darts
 t - 31 poisoned darts (quivered)
Armour
 b - a +0 robe (worn)
 c - a +0 buckler
 o - a cursed +0 buckler (worn)
 y - a +0 cloak (worn)
Jewellery
 x - a ring of protection from cold (left hand)
Wands
 z - a wand of iceblast (10)
Scrolls
 e - a scroll of remove curse {unknown}
 k - 2 scrolls of teleportation {unknown}
 m - 2 scrolls of blinking {unknown}
 q - 3 scrolls of identify
 A - a scroll of fear {unknown}
Potions
 d - a potion of might
 g - 2 potions of degeneration
 h - a potion of lignification {unknown}
 i - 3 potions of ambrosia {unknown}
 n - 2 potions of invisibility {unknown}
 p - a potion of heal wounds {unknown}
 r - a potion of curing {unknown}
 s - a potion of agility {unknown}
 u - a potion of berserk rage {unknown}
 v - a potion of haste {unknown}
 w - a potion of flight {unknown}
Comestibles
 f - 3 rations


   Skills:
 - Level 2.4(0.8) Fighting
 + Level 3.9(2.3) Maces & Flails
 + Level 3.7(2.1) Throwing
 - Level 4.4(2.7) Dodging
 - Level 2.1(0.6) Shields


You had 5 spell levels left.
You didn't know any spells.
Your spell library was empty.

Dungeon Overview and Level Annotations

Branches:
Dungeon (4/15)
 Temple: D:4-7

Altars:

Annotations:
D:3 Terence


Innate Abilities, Weirdness & Mutations

You are very small and have problems with some larger weapons.
You are too small for most types of armour.
You have supernaturally acute eyesight. (SInv)
You are a herbivore.
You cover ground extremely quickly.
You need to consume almost no food.


Message History

You barely miss the killer bee zombie. The killer bee zombie hits you.
The killer bee zombie misses you.
The killer bee zombie completely misses you.
You take 4 damage, and have 28/32 hp.
You sock the killer bee zombie!
The killer bee zombie barely misses you.
The killer bee zombie hits you.
You take 4 damage, and have 24/32 hp.
You barely miss the killer bee zombie. The killer bee zombie hits you!
The killer bee zombie hits you.
You take 12 damage, and have 12/32 hp.
MASSIVE DAMAGE!!
Okay, then.
As you read the scroll labeled AHIOGI RYSAMEIHEO, it crumbles to dust.
It is a scroll of identify.
g - 2 potions of degeneration The killer bee zombie hits you.
* * * LOW HITPOINT WARNING * * *
The killer bee zombie hits you!
You die...

#. #.
#.......#########
#.##o #######.#
#.#. #.# #.o##
#.# #.o# #.# #Z#
#.# #.# #.#
#.############.#
#!..ooZ@.......#
################


You could see 2 orcs and a killer bee zombie.

Vanquished Creatures
  A hound (D:4)
  3 worker ants
  2 hound skeletons (D:4)
  11 adders
  2 oozes
  2 worms
  4 leopard geckos
  3 bats
  5 giant cockroaches
  13 goblins
  8 hobgoblins
  2 quokkas
  A frilled lizard (D:4)
  6 kobolds
  9 rats
72 creatures vanquished.

Notes
Turn   | Place    | Note
-------+----------+-------------------------------------------
     0 | D:1      | DEFE the Spriggan Fighter began the quest for the Orb.
     0 | D:1      | Reached XP level 1. HP: 11/11 MP: 2/2
   353 | D:1      | Reached XP level 2. HP: 16/16 MP: 3/3
  1165 | D:1      | Reached XP level 3. HP: 12/19 MP: 4/4
  1284 | D:1      | Reached skill level 1 in Throwing
  1938 | D:2      | Reached XP level 4. HP: 23/23 MP: 5/5
  2721 | D:3      | Noticed Terence
  3112 | D:3      | Reached XP level 5. HP: 25/27 MP: 6/6
  3367 | D:4      | HP: 1/27 [killer bee zombie (5)]
  4507 | D:4      | Reached XP level 6. HP: 32/32 MP: 7/7
  4917 | D:4      | Slain by a killer bee zombie

Levels and vault maps discovered:
D:1:      minmay_arrival_doors, layout_basic
D:2:      layout_basic
D:3:      layout_rooms, minmay_misc_feat_doors, uniq_terence
D:4:      layout_loops_ring, minitemple

Skill      XL: |  1  2  3  4  5 |
---------------+----------------+-----
Maces & Flails | 2 3 |  3.9
Throwing       | 1 2 3 |  3.7
Fighting       | |  2.4
Dodging        | |  4.4
Shields        | |  2.1

Action                   |  1- 3 |  4- 6 || total
-------------------------+-------+-------++-------
Melee: Flail             |   118 |   184 ||   302
Throw: Dart              |     3 |    28 ||    31
  Use: Scroll            |       |     1 ||     1
 Stab: Sleeping          |       |     4 ||     4
  Eat: Ration            |       |     1 ||     1
Armor: Robe              |    10 |    23 ||    33
Dodge: Dodged            |    83 |   173 ||   256
Block: Buckler           |    39 |    58 ||    97

Table legend:
 A = Non-vault XP
 B = Vault XP
 C = Vault XP percentage of total XP
 D = Non-vault monster count
 E = Vault monster count
 F = Vault count percentage of total count
                 A         B        C        D         E       F
            +---------+---------+-------+---------+---------+-------
      Total |     437 |       0 |   0.0 |      72 |       0 |   0.0
            +---------+---------+-------+---------+---------+-------
        D:1 |      60 |       0 |   0.0 |      21 |       0 |   0.0
        D:2 |      50 |       0 |   0.0 |      17 |       0 |   0.0
        D:3 |     137 |       0 |   0.0 |      24 |       0 |   0.0
        D:4 |     190 |       0 |   0.0 |      10 |       0 |   0.0
            +---------+---------+-------+---------+---------+-------
